 Dungeon Crawl Stone Soup version 0.14-a0-840-g06343e3 (webtiles) character file.

76 4tharraofdagon the Slasher (level 3, 0/32 HPs)
             Began as a Troll Wanderer on Nov 13, 2013.
             Slain by a bat (1 damage)
             ... summoned by Eustachio
             ... on Level 3 of the Dungeon.
             The game lasted 00:02:21 (415 turns).

4tharraofdagon the Slasher (Troll Wanderer)          Turns: 415, Time: 00:02:22

HP   0/32        AC  5     Str 19      XL: 3   Next:  1%
MP   2/2         EV  9     Int  9      God:
Gold 47          SH  0     Dex 10      Spells:  0 memorised,  2 levels left

Res.Fire  : . . .   See Invis. : .     - Unarmed
Res.Cold  : . . .   Warding    : .   c - +0 robe
Life Prot.: . . .   Conserve   : .   (shield restricted)
Res.Poison: .       Res.Corr.  : .   (helmet restricted)
Res.Elec. : .       Clarity    : .   (no cloak)
Sust.Abil.: . .     Spirit.Shd : .   (gloves unavailable)
Res.Mut.  : .       Stasis     : .   (boots unavailable)
Res.Rott. : .       Flight     : .   (no amulet)
Gourmand  : +                        (no ring)
                                     (no ring)

@: invisible, very slightly contaminated, not resistant to hostile enchantments,
unstealthy
A: unfitting armour, claws 3, fast metabolism 3, gourmand, regeneration 2,
saprovore 2, tough skin 2, AC +1
a: no special abilities


You were on level 3 of the Dungeon.
You were not hungry.

You visited 1 branch of the dungeon, and saw 4 of its levels.

You collected 47 gold pieces.

Inventory:

Hand weapons
 a - a +1,+1 falchion
 b - a +0,+0 quarterstaff
Missiles
 e - 2 large rocks (quivered)
 i - 5 javelins
Armour
 c - a +0 robe (worn)
Comestibles
 d - 3 meat rations
 m - a bread ration
Scrolls
 f - 2 scrolls of identify {unknown}
 g - a scroll of recharging {unknown}
 h - a scroll of curse jewellery {unknown}
 j - a scroll of remove curse {unknown}
 n - a scroll of teleportation {unknown}
Potions
 k - a potion of invisibility


   Skills:
 + Level 2.0 Fighting
 - Level 3.2 Long Blades
 - Level 1.0 Throwing
 - Level 1.0 Dodging
 - Level 1.0 Stealth
 * Level 2.2 Unarmed Combat
   Level 1.0 Invocations


You had 2 spell levels left.
You didn't know any spells.

Dungeon Overview and Level Annotations

Branches:
Dungeon (4/16)
 Temple: D:4-7

Altars:

Annotations:
D:3 Eustachio


Innate Abilities, Weirdness & Mutations

You are too large for most types of armour.
You have claws for hands.
Your metabolism is lightning-fast.
You like to eat raw meat.
You heal very quickly.
You can eat rotten meat.
You are covered in fur (AC +1).
You have very tough skin (AC +2).


Message History

The bat hits you but does no damage.
Unknown command.
Unknown command.
The bat barely misses you. The bat hits you but does no damage.
The bat hits you.
* * * LOW HITPOINT WARNING * * *
The bat hits you but does no damage.
Unknown command.
The bat hits you but does no damage. The bat hits you.
* * * LOW HITPOINT WARNING * * *
The bat hits you.
* * * LOW HITPOINT WARNING * * *
The bat hits you but does no damage.
Unknown command.
The bat closely misses you.
Eustachio mumbles some strange words.
The bat hits you.
* * * LOW HITPOINT WARNING * * *
The bat hits you.
You die...

#.#... #.#.##########
#.........<..#
#############(#........#.#
........)r....#....>...#.#
..........r@.........#.#.#
...........##.#.#b.....#.#
.......###.##.#b#.#....#.#
.........#.##%#b@b....<#.#
.......#.#.##.###...(#.#.#
.......#.#.##5#.<......#.#
.......# #.##..........#.#
.......# #.########..###.#
.......# #...............#
.......# # ######..#####
.......# ...... .......#
####..#.


You could see 4 bats.

Vanquished Creatures
  2 adders
  A giant gecko (D:1)
  A bat (D:3)
  A giant cockroach (D:3)
  2 hobgoblins
  3 kobolds
10 creatures vanquished.

Notes
Turn   | Place    | Note
--------------------------------------------------------------
     0 | D:1      | 4tharraofdagon, the Troll Wanderer, began the quest for the Orb.
     0 | D:1      | Reached XP level 1. HP: 18/18 MP: 1/1
   143 | D:1      | Reached skill level 1 in Unarmed Combat
   197 | D:2      | Reached XP level 2. HP: 20/26 MP: 1/1
   355 | D:4      | Noticed Eustachio
   376 | D:3      | Reached XP level 3. HP: 20/32 MP: 2/2
   395 | D:3      | HP: 1/32 [Eustachio/wand of magic darts (7)]
   407 | D:3      | HP: 1/32 [bat[Eustachio] (1)]
   412 | D:3      | HP: 1/32 [bat[Eustachio] (1)]
   415 | D:3      | Slain by a bat

Action                   || total
-------------------------++-------
Melee: Unarmed           ||    57
  Use: Potion            ||     2
 Stab: Sleeping          ||     1
       Invisible         ||     1
